Scraper vs Monarchs
Created - 10 janvier 2014 at 19:03
Goals
|
| Scraper |
2 |
1 |
3 |
6 |
| Monarchs |
0 |
0 |
3 |
3 |
|
Shots
|
| Scraper |
8 |
9 |
15 |
32 |
| Monarchs |
7 |
3 |
18 |
28 |
|
1st period
1. Scraper , Ruslan Fedotenko 10 (Stanislav Neckar, Alexander Radulov) at 6:16
2. Scraper , Martin Hanzal 20 (Petr Sykora, Ben Eager) at 15:44
Penalties :
Chris Clark (MAN) for Interference (Minor) at 3:47, Petr Sykora (Out) for Tripping (Minor) at 11:21, Chris Clark (MAN) for Hooking (Minor) at 17:38
2nd period
3. Scraper , Ruslan Fedotenko 11 (Stanislav Neckar) at 4:33 (SH)
Penalties :
Jamie Benn (Out) for Boarding (Minor) at 4:23, Mikkel Boedker (MAN) for Cross-checking (Minor) at 8:29
3rd period
4. Scraper , Mathieu Dandenault 3 (Riley Armstrong, Ruslan Fedotenko) at 3:55
5. Monarchs , Mikkel Boedker 20 (Raphael Diaz, Nate Prosser) at 5:07 (PP)
6. Scraper , Riley Armstrong 4 (Mathieu Dandenault) at 9:15
7. Scraper , Ben Eager 3 (Petr Sykora, Aaron Ward) at 9:56
8. Monarchs , Barry Tallackson 4 (Jonathan Matsumoto, Carl Hagelin) at 14:45
9. Monarchs , Chris Clark 14 (Denis Hamel, Jarret Stoll) at 18:09
Penalties :
Mathieu Dandenault (Out) for Tripping (Minor) at 4:53
Goalie Stats
Sebastien Caron (Out), 25 saves from 28 shots - (0,893), W, 19-9-3, 60:00 minutes
Michael Leighton (MAN), 7 saves from 8 shots - (0,875), 10:45 minutes
Braden Holtby (MAN), 19 saves from 24 shots - (0,792), L, 7-11-2, 49:15 minutes
Players Stats for Scraper
Player Name G A P +/- PIM S H SB GA TA FO MP PP MP PK MP
------------------------------------------------------------------------------------
Aaron Ward 0 1 1 1 0 1 1 2 0 1 0/0 28:15 4:25 2:25
Alexander Radulov 0 1 1 0 0 5 1 1 0 0 1/1 14:14 0:00 1:08
Ben Eager 1 1 2 2 0 4 2 0 1 0 0/0 16:44 1:53 0:18
Bryan Allen 0 0 0 1 0 0 1 2 2 1 0/0 28:15 4:25 2:25
Derek Joslin 0 0 0 0 0 0 0 1 0 0 0/0 20:39 1:32 1:47
Eric Gryba 0 0 0 3 0 0 1 0 0 0 0/0 11:06 0:00 0:00
Eric Tangradi 0 0 0 0 0 0 0 0 0 0 0/0 0:17 0:00 0:00
Jamie Benn 0 0 0 1 2 0 1 0 0 0 0/0 7:11 0:00 0:00
Logan Couture 0 0 0 2 0 0 2 2 0 0 1/2 8:57 0:00 1:05
Martin Hanzal 1 0 1 2 0 4 2 1 0 0 7/11 16:26 1:53 0:00
Mathieu Dandenault 1 1 2 1 2 4 3 0 0 0 1/2 21:58 3:57 2:32
Michael Del Zotto 0 0 0 3 0 0 1 0 0 1 0/0 11:06 0:00 0:00
Petr Sykora 0 2 2 2 2 0 0 0 0 0 0/0 17:21 1:53 0:35
Riley Armstrong 1 1 2 0 0 7 4 0 0 0 11/25 19:01 3:57 0:00
Ruslan Fedotenko 2 1 3 1 0 5 2 1 0 0 5/9 26:56 3:43 2:46
Stanislav Neckar 0 2 2 0 0 0 0 2 0 1 0/0 20:39 1:32 1:47
Steven Stamkos 0 0 0 0 0 2 1 0 0 0 2/8 13:33 0:28 0:00
Tyler Ennis 0 0 0 0 0 0 1 0 0 0 0/0 13:07 0:07 0:00
Players Stats for Monarchs
Player Name G A P +/- PIM S H SB GA TA FO MP PP MP PK MP
------------------------------------------------------------------------------------
Alec Martinez 0 0 0 0 0 0 2 1 0 0 0/0 19:59 1:22 3:01
Barry Tallackson 1 0 1 0 0 3 0 0 0 0 0/1 15:43 1:28 0:00
Carl Hagelin 0 1 1 0 0 0 2 1 0 0 0/0 14:33 0:00 0:31
Chris Clark 1 0 1 1 4 5 5 0 0 1 0/1 15:27 0:00 0:00
Colby Robak 0 0 0 0 0 0 0 0 0 0 0/0 2:25 0:00 0:00
Denis Hamel 0 1 1 0 0 1 2 0 1 0 2/3 21:08 2:44 2:49
Jarret Stoll 0 1 1 0 0 5 2 1 0 0 21/37 26:18 2:44 2:54
Jason Chimera 0 0 0 -3 0 0 5 0 1 0 0/0 17:32 1:28 2:22
Jonathan Matsumoto 0 1 1 0 0 3 1 0 1 0 4/4 14:54 0:00 0:00
Kevin Marshall 0 0 0 -2 0 1 0 1 0 0 0/0 12:50 0:00 0:00
Matt Foy 0 0 0 -1 0 0 1 0 0 0 0/0 6:32 0:00 0:00
Maxime Macenauer 0 0 0 0 0 0 0 0 0 0 0/0 0:09 0:00 0:09
Mikkel Boedker 1 0 1 -5 2 4 0 1 0 0 1/2 16:35 2:44 0:00
Nate Prosser 0 1 1 -2 0 1 1 4 0 0 0/0 27:11 2:50 2:56
Patrik Berglund 0 0 0 -3 0 1 4 0 0 0 1/6 16:47 1:28 1:37
Raphael Diaz 0 1 1 -2 0 2 1 0 1 0 0/0 24:46 2:50 2:56
Slava Voynov 0 0 0 -2 0 1 0 0 0 0 0/0 12:50 0:00 0:00
Tommy Wingels 0 0 0 -1 0 0 1 0 0 0 1/4 8:22 0:00 1:32
Travis Hamonic 0 0 0 0 0 1 0 1 0 2 0/0 19:59 1:22 3:01
3 Stars
1 - Ruslan Fedotenko (Out)
2 - Ben Eager (Out)
3 - Riley Armstrong (Out)
Power Play
Scraper - 0 on 3 Attempt(s) - 0,00%
Monarchs - 1 on 3 Attempt(s) - 33,33%
Penalty Kill
Scraper - 2 on 3 Attempt(s) - 66,67%
- Score 1 goal in Penalty Kill
Monarchs - 3 on 3 Attempt(s) - 100,00%
- Score 0 goal in Penalty Kill
Official
Referees : Walkom Stephen and Charron Francis
Linesman : Mike Cvik and Lyle Seitz
Game Notes
Michael Leighton enters game at 9:15 of 3rd period
Finance
Level 1 -- Attendance: 1562 (78,10%) -- Ticket Income 54 670 $
Level 2 -- Attendance: 728 (72,80%) -- Ticket Income 10 920 $
Total Attendance: 2290 (76,33%)
Total Ticket Income: 65 590 $
Other Income: 3 280 $
Total Income: 68 870 $
Scraper
5 vs 5 Forward
Center Left Wing Right Wing Time % Phy DF OF
1 Riley Armstrong Ruslan Fedotenko Mathieu Dandenault 40 1 2 2
2 Martin Hanzal Ben Eager Petr Sykora 30 1 2 2
3 Steven Stamkos Tyler Ennis Alexander Radulov 20 1 2 2
4 Logan Couture Jamie Benn Ruslan Fedotenko 10 1 2 2
5 vs 5 Defense
Defense Defense Time % Phy DF OF
1 Aaron Ward Bryan Allen 40 1 2 2
2 Stanislav Neckar Derek Joslin 30 1 2 2
3 Eric Gryba Michael Del Zotto 20 1 2 2
4 Aaron Ward Bryan Allen 10 1 2 2
PowerPlay Forward
Center Left Wing Right Wing Time % Phy DF OF
1 Riley Armstrong Ruslan Fedotenko Mathieu Dandenault 60 1 2 2
2 Martin Hanzal Ben Eager Petr Sykora 40 1 2 2
PowerPlay Defense
Defense Defense Time % Phy DF OF
1 Aaron Ward Bryan Allen 60 1 2 2
2 Stanislav Neckar Derek Joslin 40 1 2 2
Penalty Kill 4 Players Forward
Center Wing Time % Phy DF OF
1 Ruslan Fedotenko Mathieu Dandenault 60 1 2 2
2 Petr Sykora Alexander Radulov 40 1 2 2
Penalty Kill 4 Players Defense
Defense Defense Time % Phy DF OF
1 Aaron Ward Bryan Allen 60 1 2 2
2 Stanislav Neckar Derek Joslin 40 1 2 2
Penalty Kill - 3 Players Forward
Forward Time % Phy DF OF
1 Ruslan Fedotenko 60 1 2 2
2 Mathieu Dandenault 40 1 2 2
Penalty Kill - 3 Players Defense
Defense Defense Time % Phy DF OF
1 Aaron Ward Bryan Allen 60 1 2 2
2 Stanislav Neckar Derek Joslin 40 1 2 2
4 vs 4 Forward
Center Wing Time % Phy DF OF
1 Ruslan Fedotenko Mathieu Dandenault 60 1 2 2
2 Petr Sykora Alexander Radulov 40 1 2 2
4 vs 4 Defense
Defense Defense Time % Phy DF OF
1 Aaron Ward Bryan Allen 60 1 2 2
2 Stanislav Neckar Derek Joslin 40 1 2 2
Last Minutes Offensive
Center Left Wing Right Wing Defense Defense
Riley Armstrong Ruslan Fedotenko Mathieu Dandenault Aaron Ward Bryan Allen
Last Minutes Defensive
Center Left Wing Right Wing Defense Defense
Riley Armstrong Ruslan Fedotenko Mathieu Dandenault Aaron Ward Bryan Allen
Goaltenders
Starting : Sebastien Caron
Backup : Chet Pickard
Extra Forwards
Normal : Steven Stamkos, Tyler Ennis, Logan Couture - PP : Steven Stamkos, Tyler Ennis - PK : Logan Couture
Extra Defensemen
Normal : Eric Gryba, Michael Del Zotto, Stanislav Neckar - PP : Eric Gryba - PK : Michael Del Zotto, Stanislav Neckar
Penalty Shots
Ruslan Fedotenko, Mathieu Dandenault, Petr Sykora, Alexander Radulov, Riley Armstrong
Monarchs
5 vs 5 Forward
Center Left Wing Right Wing Time % Phy DF OF
1 Jarret Stoll Denis Hamel Chris Clark 40 1 2 2
2 Patrik Berglund Jason Chimera Mikkel Boedker 30 1 2 2
3 Jonathan Matsumoto Carl Hagelin Barry Tallackson 20 1 2 2
4 Tommy Wingels Jarret Stoll Matt Foy 10 1 2 2
5 vs 5 Defense
Defense Defense Time % Phy DF OF
1 Nate Prosser Raphael Diaz 40 1 2 2
2 Alec Martinez Travis Hamonic 30 1 2 2
3 Kevin Marshall Slava Voynov 20 1 2 2
4 Colby Robak Nate Prosser 10 1 2 2
PowerPlay Forward
Center Left Wing Right Wing Time % Phy DF OF
1 Jarret Stoll Denis Hamel Mikkel Boedker 60 1 2 2
2 Patrik Berglund Jason Chimera Barry Tallackson 40 1 2 2
PowerPlay Defense
Defense Defense Time % Phy DF OF
1 Nate Prosser Raphael Diaz 60 1 2 2
2 Alec Martinez Travis Hamonic 40 1 2 2
Penalty Kill 4 Players Forward
Center Wing Time % Phy DF OF
1 Jarret Stoll Denis Hamel 60 1 2 2
2 Patrik Berglund Jason Chimera 40 1 2 2
Penalty Kill 4 Players Defense
Defense Defense Time % Phy DF OF
1 Nate Prosser Raphael Diaz 60 1 2 2
2 Alec Martinez Travis Hamonic 40 1 2 2
Penalty Kill - 3 Players Forward
Forward Time % Phy DF OF
1 Jarret Stoll 60 1 2 2
2 Denis Hamel 40 1 2 2
Penalty Kill - 3 Players Defense
Defense Defense Time % Phy DF OF
1 Nate Prosser Raphael Diaz 60 1 2 2
2 Alec Martinez Travis Hamonic 40 1 2 2
4 vs 4 Forward
Center Wing Time % Phy DF OF
1 Jarret Stoll Mikkel Boedker 60 1 2 2
2 Patrik Berglund Jason Chimera 40 1 2 2
4 vs 4 Defense
Defense Defense Time % Phy DF OF
1 Nate Prosser Raphael Diaz 60 1 2 2
2 Alec Martinez Travis Hamonic 40 1 2 2
Last Minutes Offensive
Center Left Wing Right Wing Defense Defense
Jarret Stoll Patrik Berglund Mikkel Boedker Nate Prosser Raphael Diaz
Last Minutes Defensive
Center Left Wing Right Wing Defense Defense
Jarret Stoll Denis Hamel Chris Clark Nate Prosser Raphael Diaz
Goaltenders
Starting : Braden Holtby
Backup : Michael Leighton
Extra Forwards
Normal : Mikkel Boedker, Jonathan Matsumoto, Tommy Wingels - PP : Mikkel Boedker, Jonathan Matsumoto - PK : Tommy Wingels
Extra Defensemen
Normal : Kevin Marshall, Slava Voynov, Colby Robak - PP : Kevin Marshall - PK : Slava Voynov, Colby Robak
Penalty Shots
Jarret Stoll, Mikkel Boedker, Patrik Berglund, Jason Chimera, Chris Clark
% Time on Ice - Scraper
Lines # - Real PCT - Wanted PCT - Time Play
Normal Forward
1 - 31% - 40% - 15:21
2 - 29% - 30% - 14:33
3 - 26% - 20% - 12:46
4 - 14% - 10% - 7:11
Normal Defense
1 - 39% - 40% - 19:20
2 - 35% - 30% - 17:20
3 - 22% - 20% - 11:06
4 - 4% - 10% - 2:05
PP Forward
1 - 68% - 60% - 4:04
2 - 32% - 40% - 1:53
PP Defense
1 - 74% - 60% - 4:25
2 - 26% - 40% - 1:32
PK Forward
1 - 73% - 60% - 3:04
2 - 27% - 40% - 1:08
PK Defense
1 - 58% - 60% - 2:25
2 - 42% - 40% - 1:47
PK3 Forward
1 - 0% - 60%
2 - 0% - 40%
PK3 Defense
1 - 0% - 60%
2 - 0% - 40%
44 Forward
1 - 0% - 60%
2 - 0% - 40%
44 Defense
1 - 0% - 60%
2 - 0% - 40%
Last Minute Offensive - 0:00
Last Minute Defensive - 0:00
Total
Forward - 60:00
Defense - 60:00
|
% Time on Ice - Monarchs
Lines # - Real PCT - Wanted PCT - Time Play
Normal Forward
1 - 31% - 40% - 15:35
2 - 27% - 30% - 13:42
3 - 28% - 20% - 14:02
4 - 13% - 10% - 6:32
Normal Defense
1 - 38% - 40% - 19:00
2 - 31% - 30% - 15:36
3 - 26% - 20% - 12:50
4 - 5% - 10% - 2:25
PP Forward
1 - 65% - 60% - 2:44
2 - 35% - 40% - 1:28
PP Defense
1 - 67% - 60% - 2:50
2 - 33% - 40% - 1:22
PK Forward
1 - 73% - 60% - 4:20
2 - 27% - 40% - 1:37
PK Defense
1 - 49% - 60% - 2:56
2 - 51% - 40% - 3:01
PK3 Forward
1 - 0% - 60%
2 - 0% - 40%
PK3 Defense
1 - 0% - 60%
2 - 0% - 40%
44 Forward
1 - 0% - 60%
2 - 0% - 40%
44 Defense
1 - 0% - 60%
2 - 0% - 40%
Last Minute Offensive - 0:00
Last Minute Defensive - 0:00
Total
Forward - 60:00
Defense - 60:00
|
Play by Play
1st period
0:01 of 1st period - Jarret Stoll wins face-off versus Riley Armstrong in neutral zone.
0:10 of 1st period - Snap shot by Jarret Stoll.
0:10 of 1st period - Shot Misses the Net.
0:12 of 1st period - Slapshot by Nate Prosser.
0:12 of 1st period - Shot Misses the Net.
0:14 of 1st period - Snap shot by Denis Hamel.
0:14 of 1st period - Stopped by Sebastien Caron with a rebound.
0:16 of 1st period - Wrist shot by Chris Clark.
0:16 of 1st period - Stopped by Sebastien Caron with a rebound.
0:25 of 1st period - Icing by Aaron Ward.
0:26 of 1st period - Martin Hanzal wins face-off versus Patrik Berglund in Scraper zone.
0:39 of 1st period - Snap shot by Patrik Berglund.
0:39 of 1st period - Shot Misses the Net.
1:31 of 1st period - Mathieu Dandenault is hit by Jason Chimera and loses puck.
1:46 of 1st period - Backhand shot by Steven Stamkos.
1:46 of 1st period - Deflect By Alexander Radulov.
1:46 of 1st period - Shot Misses the Net.
1:46 of 1st period - Puck is out of play.
1:47 of 1st period - Jarret Stoll wins face-off versus Steven Stamkos in Monarchs zone.
2:01 of 1st period - Snap shot by Steven Stamkos.
2:01 of 1st period - Shot Blocked by Nate Prosser.
2:03 of 1st period - Snap shot by Steven Stamkos.
2:03 of 1st period - Deflect By Alexander Radulov.
2:03 of 1st period - Stopped by Braden Holtby without a rebound.
2:04 of 1st period - Jonathan Matsumoto wins face-off versus Riley Armstrong in Monarchs zone.
2:30 of 1st period - Stanislav Neckar is hit by Jarret Stoll and loses puck.
3:47 of 1st period - Minor Penalty to Chris Clark for Interference.
3:48 of 1st period - Jarret Stoll wins face-off versus Riley Armstrong in Monarchs zone.
3:48 of 1st period - Jarret Stoll is hit by Riley Armstrong.
5:35 of 1st period - Ben Eager is hit by Patrik Berglund and loses puck.
5:47 of 1st period - Penalty to Chris Clark is over, Chris Clark is back on ice.
6:14 of 1st period - Snap shot by Alexander Radulov.
6:14 of 1st period - Stopped by Braden Holtby with a rebound.
6:16 of 1st period - Slapshot by Stanislav Neckar.
6:16 of 1st period - Deflect By Ruslan Fedotenko.
6:16 of 1st period - Goal by Ruslan Fedotenko - Scraper : 1 - Monarchs : 0.
6:17 of 1st period - Riley Armstrong wins face-off versus Jarret Stoll in neutral zone.
6:20 of 1st period - Snap shot by Ruslan Fedotenko.
6:20 of 1st period - Deflect By Jarret Stoll.
6:20 of 1st period - Shot Misses the Net.
6:20 of 1st period - Puck is out of play.
6:21 of 1st period - Jarret Stoll wins face-off versus Riley Armstrong in Monarchs zone.
6:32 of 1st period - Snap shot by Denis Hamel.
6:32 of 1st period - Shot Misses the Net.
6:54 of 1st period - Wrist shot by Patrik Berglund.
6:54 of 1st period - Shot Misses the Net.
6:56 of 1st period - Snap shot by Nate Prosser.
6:56 of 1st period - Shot Misses the Net.
6:58 of 1st period - Backhand shot by Nate Prosser.
6:58 of 1st period - Shot Misses the Net.
7:08 of 1st period - Travis Hamonic is hit by Tyler Ennis and loses puck.
7:34 of 1st period - Wrist shot by Jamie Benn.
7:34 of 1st period - Shot Blocked by Alec Martinez.
8:04 of 1st period - Slapshot by Jonathan Matsumoto.
8:04 of 1st period - Shot Misses the Net.
8:19 of 1st period - Off-side.
8:20 of 1st period - Jarret Stoll wins face-off versus Steven Stamkos in neutral zone.
9:04 of 1st period - Carl Hagelin is hit by Martin Hanzal and loses puck.
9:09 of 1st period - Wrist shot by Martin Hanzal.
9:09 of 1st period - Stopped by Braden Holtby with a rebound.
9:21 of 1st period - Aaron Ward is hit by Chris Clark and loses puck.
9:26 of 1st period - Wrist shot by Chris Clark.
9:26 of 1st period - Stopped by Sebastien Caron with a rebound.
9:52 of 1st period - Snap shot by Tommy Wingels.
9:52 of 1st period - Shot Misses the Net.
10:10 of 1st period - Michael Del Zotto is hit by Chris Clark and loses puck.
10:57 of 1st period - Slapshot by Alexander Radulov.
10:57 of 1st period - Stopped by Braden Holtby with a rebound.
11:16 of 1st period - Snap shot by Mikkel Boedker.
11:16 of 1st period - Stopped by Sebastien Caron without a rebound.
11:17 of 1st period - Patrik Berglund wins face-off versus Martin Hanzal in Scraper zone.
11:21 of 1st period - Minor Penalty to Petr Sykora for Tripping.
11:22 of 1st period - Ruslan Fedotenko wins face-off versus Jarret Stoll in Scraper zone.
11:57 of 1st period - Wrist shot by Barry Tallackson.
11:57 of 1st period - Shot Blocked by Alexander Radulov.
12:16 of 1st period - Icing by Mikkel Boedker.
12:17 of 1st period - Denis Hamel wins face-off versus Ruslan Fedotenko in Monarchs zone.
12:38 of 1st period - Snap shot by Patrik Berglund.
12:38 of 1st period - Shot Misses the Net.
12:40 of 1st period - Snap shot by Alec Martinez.
12:40 of 1st period - Shot Misses the Net.
13:00 of 1st period - Jarret Stoll is hit by Logan Couture and loses puck.
13:04 of 1st period - Icing by Denis Hamel.
13:05 of 1st period - Logan Couture wins face-off versus Jarret Stoll in Monarchs zone.
13:14 of 1st period - Slapshot by Mikkel Boedker.
13:14 of 1st period - Deflect By Jarret Stoll.
13:14 of 1st period - Shot Misses the Net.
13:14 of 1st period - Puck is out of play.
13:15 of 1st period - Ruslan Fedotenko wins face-off versus Patrik Berglund in Scraper zone.
13:20 of 1st period - Wrist shot by Mathieu Dandenault.
13:20 of 1st period - Shot Misses the Net.
13:21 of 1st period - Penalty to Petr Sykora is over, Petr Sykora is back on ice.
13:41 of 1st period - Icing by Alexander Radulov.
13:42 of 1st period - Jarret Stoll wins face-off versus Steven Stamkos in Scraper zone.
13:47 of 1st period - Snap shot by Chris Clark.
13:47 of 1st period - Shot Misses the Net.
13:51 of 1st period - Wrist shot by Jarret Stoll.
13:51 of 1st period - Stopped by Sebastien Caron without a rebound.
13:52 of 1st period - Riley Armstrong wins face-off versus Jarret Stoll in Scraper zone.
13:52 of 1st period - Riley Armstrong is hit by Alec Martinez.
14:09 of 1st period - Mathieu Dandenault is hit by Jarret Stoll and loses puck.
14:30 of 1st period - Snap shot by Mikkel Boedker.
14:30 of 1st period - Shot Blocked by Aaron Ward.
14:52 of 1st period - Slapshot by Barry Tallackson.
14:52 of 1st period - Stopped by Sebastien Caron with a rebound.
14:54 of 1st period - Wrist shot by Jonathan Matsumoto.
14:54 of 1st period - Shot Misses the Net.
15:42 of 1st period - Wrist shot by Petr Sykora.
15:42 of 1st period - Shot Misses the Net.
15:44 of 1st period - Slapshot by Martin Hanzal.
15:44 of 1st period - Goal by Martin Hanzal - Scraper : 2 - Monarchs : 0.
15:45 of 1st period - Mathieu Dandenault wins face-off versus Jarret Stoll in neutral zone.
15:48 of 1st period - Snap shot by Ruslan Fedotenko.
15:48 of 1st period - Stopped by Braden Holtby with a rebound.
15:50 of 1st period - Snap shot by Riley Armstrong.
15:50 of 1st period - Stopped by Braden Holtby with a rebound.
15:52 of 1st period - Snap shot by Riley Armstrong.
15:52 of 1st period - Shot Misses the Net.
16:10 of 1st period - Martin Hanzal is hit by Jason Chimera and loses puck.
16:37 of 1st period - Raphael Diaz is hit by Alexander Radulov and loses puck.
16:52 of 1st period - Snap shot by Ruslan Fedotenko.
16:52 of 1st period - Shot Misses the Net.
17:06 of 1st period - Wrist shot by Jonathan Matsumoto.
17:06 of 1st period - Shot Misses the Net.
17:28 of 1st period - Snap shot by Barry Tallackson.
17:28 of 1st period - Stopped by Sebastien Caron without a rebound.
17:29 of 1st period - Martin Hanzal wins face-off versus Denis Hamel in Scraper zone.
17:29 of 1st period - Martin Hanzal is hit by Chris Clark.
17:38 of 1st period - Minor Penalty to Chris Clark for Hooking.
17:39 of 1st period - Riley Armstrong wins face-off versus Jarret Stoll in Monarchs zone.
18:11 of 1st period - Wrist shot by Ben Eager.
18:11 of 1st period - Shot Misses the Net.
18:55 of 1st period - Jarret Stoll is hit by Ben Eager and loses puck.
19:38 of 1st period - Penalty to Chris Clark is over, Chris Clark is back on ice.
2nd period
0:01 of 2nd period - Jarret Stoll wins face-off versus Ruslan Fedotenko in neutral zone.
0:27 of 2nd period - Martin Hanzal is hit by Jason Chimera and loses puck.
0:54 of 2nd period - Bryan Allen is hit by Carl Hagelin and loses puck.
1:11 of 2nd period - Snap shot by Stanislav Neckar.
1:11 of 2nd period - Shot Misses the Net.
1:37 of 2nd period - Slapshot by Nate Prosser.
1:37 of 2nd period - Stopped by Sebastien Caron with a rebound.
1:55 of 2nd period - Wrist shot by Patrik Berglund.
1:55 of 2nd period - Shot Misses the Net.
1:57 of 2nd period - Slapshot by Nate Prosser.
1:57 of 2nd period - Shot Misses the Net.
2:44 of 2nd period - Off-side.
2:45 of 2nd period - Martin Hanzal wins face-off versus Jarret Stoll in neutral zone.
3:06 of 2nd period - Riley Armstrong is hit by Patrik Berglund and loses puck.
3:12 of 2nd period - Icing by Aaron Ward.
3:13 of 2nd period - Jonathan Matsumoto wins face-off versus Riley Armstrong in Scraper zone.
3:24 of 2nd period - Wrist shot by Jonathan Matsumoto.
3:24 of 2nd period - Shot Hit the Post.
3:58 of 2nd period - Wrist shot by Denis Hamel.
3:58 of 2nd period - Shot Misses the Net.
4:00 of 2nd period - Snap shot by Chris Clark.
4:00 of 2nd period - Shot Misses the Net.
4:23 of 2nd period - Minor Penalty to Jamie Benn for Boarding.
4:24 of 2nd period - Ruslan Fedotenko wins face-off versus Mikkel Boedker in Scraper zone.
4:33 of 2nd period - Wrist shot by Ruslan Fedotenko.
4:33 of 2nd period - Goal by Ruslan Fedotenko - Scraper : 3 - Monarchs : 0.
4:34 of 2nd period - Jarret Stoll wins face-off versus Ruslan Fedotenko in neutral zone.
5:20 of 2nd period - Snap shot by Mikkel Boedker.
5:20 of 2nd period - Stopped by Sebastien Caron without a rebound.
5:21 of 2nd period - Ruslan Fedotenko wins face-off versus Patrik Berglund in Scraper zone.
5:21 of 2nd period - Ruslan Fedotenko is hit by Jason Chimera.
5:51 of 2nd period - Snap shot by Alexander Radulov.
5:51 of 2nd period - Shot Misses the Net.
6:23 of 2nd period - Penalty to Jamie Benn is over, Jamie Benn is back on ice.
6:32 of 2nd period - Off-side.
6:33 of 2nd period - Martin Hanzal wins face-off versus Tommy Wingels in neutral zone.
6:36 of 2nd period - Slapshot by Ben Eager.
6:36 of 2nd period - Shot Blocked by Kevin Marshall.
6:46 of 2nd period - Wrist shot by Martin Hanzal.
6:46 of 2nd period - Stopped by Braden Holtby without a rebound.
6:47 of 2nd period - Steven Stamkos wins face-off versus Jarret Stoll in Monarchs zone.
6:48 of 2nd period - Snap shot by Alexander Radulov.
6:48 of 2nd period - Stopped by Braden Holtby with a rebound.
6:50 of 2nd period - Snap shot by Alexander Radulov.
6:50 of 2nd period - Shot Blocked by Nate Prosser.
6:52 of 2nd period - Slapshot by Aaron Ward.
6:52 of 2nd period - Shot Misses the Net.
6:54 of 2nd period - Wrist shot by Tyler Ennis.
6:54 of 2nd period - Shot Hit the Post.
6:56 of 2nd period - Wrist shot by Alexander Radulov.
6:56 of 2nd period - Stopped by Braden Holtby without a rebound.
6:57 of 2nd period - Alexander Radulov wins face-off versus Jarret Stoll in Monarchs zone.
6:58 of 2nd period - Snap shot by Steven Stamkos.
6:58 of 2nd period - Stopped by Braden Holtby with a rebound.
7:00 of 2nd period - Wrist shot by Alexander Radulov.
7:00 of 2nd period - Shot Misses the Net.
7:02 of 2nd period - Slapshot by Alexander Radulov.
7:02 of 2nd period - Deflect By Tyler Ennis.
7:02 of 2nd period - Shot Misses the Net.
7:02 of 2nd period - Puck is out of play.
7:03 of 2nd period - Jarret Stoll wins face-off versus Ruslan Fedotenko in Monarchs zone.
7:12 of 2nd period - Slapshot by Mathieu Dandenault.
7:12 of 2nd period - Stopped by Braden Holtby with a rebound.
7:14 of 2nd period - Snap shot by Mathieu Dandenault.
7:14 of 2nd period - Stopped by Braden Holtby with a rebound.
7:16 of 2nd period - Slapshot by Aaron Ward.
7:16 of 2nd period - Stopped by Braden Holtby with a rebound.
7:18 of 2nd period - Backhand shot by Mathieu Dandenault.
7:18 of 2nd period - Shot Misses the Net.
7:56 of 2nd period - Slapshot by Stanislav Neckar.
7:56 of 2nd period - Shot Hit the Post.
7:58 of 2nd period - Snap shot by Stanislav Neckar.
7:58 of 2nd period - Shot Blocked by Travis Hamonic.
8:08 of 2nd period - Wrist shot by Ruslan Fedotenko.
8:08 of 2nd period - Stopped by Braden Holtby without a rebound.
8:09 of 2nd period - Jarret Stoll wins face-off versus Logan Couture in Monarchs zone.
8:29 of 2nd period - Minor Penalty to Mikkel Boedker for Cross-checking.
8:30 of 2nd period - Riley Armstrong wins face-off versus Jarret Stoll in Monarchs zone.
8:53 of 2nd period - Denis Hamel is hit by Aaron Ward and loses puck.
9:06 of 2nd period - Patrik Berglund is hit by Mathieu Dandenault and loses puck.
10:18 of 2nd period - Nate Prosser is hit by Ruslan Fedotenko and loses puck.
10:29 of 2nd period - Penalty to Mikkel Boedker is over, Mikkel Boedker is back on ice.
10:34 of 2nd period - Icing by Bryan Allen.
10:35 of 2nd period - Martin Hanzal wins face-off versus Barry Tallackson in Scraper zone.
10:58 of 2nd period - Kevin Marshall is hit by Martin Hanzal and loses puck.
11:15 of 2nd period - Snap shot by Petr Sykora.
11:15 of 2nd period - Shot Misses the Net.
11:33 of 2nd period - Snap shot by Petr Sykora.
11:33 of 2nd period - Shot Blocked by Carl Hagelin.
11:35 of 2nd period - Snap shot by Petr Sykora.
11:35 of 2nd period - Deflect By Ben Eager.
11:35 of 2nd period - Shot Misses the Net.
11:35 of 2nd period - Puck is out of play.
11:36 of 2nd period - Jarret Stoll wins face-off versus Steven Stamkos in Monarchs zone.
13:03 of 2nd period - Off-side.
13:04 of 2nd period - Steven Stamkos wins face-off versus Tommy Wingels in neutral zone.
14:01 of 2nd period - Petr Sykora is hit by Denis Hamel and loses puck.
15:01 of 2nd period - Derek Joslin is hit by Patrik Berglund and loses puck.
15:16 of 2nd period - Bryan Allen is hit by Chris Clark and loses puck.
15:34 of 2nd period - Matt Foy is hit by Mathieu Dandenault and loses puck.
15:47 of 2nd period - Slapshot by Jonathan Matsumoto.
15:47 of 2nd period - Stopped by Sebastien Caron without a rebound.
15:48 of 2nd period - Jonathan Matsumoto wins face-off versus Steven Stamkos in Scraper zone.
16:09 of 2nd period - Travis Hamonic is hit by Eric Gryba and loses puck.
16:55 of 2nd period - Slapshot by Steven Stamkos.
16:55 of 2nd period - Shot Blocked by Nate Prosser.
18:54 of 2nd period - Jason Chimera is hit by Riley Armstrong and loses puck.
19:16 of 2nd period - Jonathan Matsumoto is hit by Mathieu Dandenault and loses puck.
19:31 of 2nd period - Martin Hanzal is hit by Tommy Wingels and loses puck.
19:44 of 2nd period - Denis Hamel is hit by Bryan Allen and loses puck.
3rd period
0:01 of 3rd period - Jarret Stoll wins face-off versus Riley Armstrong in neutral zone.
0:04 of 3rd period - Snap shot by Raphael Diaz.
0:04 of 3rd period - Shot Blocked by Bryan Allen.
0:06 of 3rd period - Snap shot by Chris Clark.
0:06 of 3rd period - Shot Misses the Net.
0:08 of 3rd period - Slapshot by Chris Clark.
0:08 of 3rd period - Shot Misses the Net.
0:12 of 3rd period - Wrist shot by Jarret Stoll.
0:12 of 3rd period - Stopped by Sebastien Caron without a rebound.
0:13 of 3rd period - Jarret Stoll wins face-off versus Riley Armstrong in Scraper zone.
0:24 of 3rd period - Snap shot by Chris Clark.
0:24 of 3rd period - Stopped by Sebastien Caron with a rebound.
0:26 of 3rd period - Slapshot by Raphael Diaz.
0:26 of 3rd period - Shot Blocked by Ruslan Fedotenko.
0:28 of 3rd period - Slapshot by Raphael Diaz.
0:28 of 3rd period - Stopped by Sebastien Caron with a rebound.
1:05 of 3rd period - Steven Stamkos is hit by Alec Martinez and loses puck.
1:22 of 3rd period - Wrist shot by Logan Couture.
1:22 of 3rd period - Shot Misses the Net.
1:40 of 3rd period - Kevin Marshall is hit by Michael Del Zotto and loses puck.
1:59 of 3rd period - Snap shot by Jonathan Matsumoto.
1:59 of 3rd period - Shot Misses the Net.
2:29 of 3rd period - Alec Martinez is hit by Ben Eager.
2:43 of 3rd period - Slapshot by Riley Armstrong.
2:43 of 3rd period - Stopped by Braden Holtby without a rebound.
2:44 of 3rd period - Jonathan Matsumoto wins face-off versus Mathieu Dandenault in Monarchs zone.
3:23 of 3rd period - Snap shot by Carl Hagelin.
3:23 of 3rd period - Deflect By Jonathan Matsumoto.
3:23 of 3rd period - Shot Blocked by Bryan Allen.
3:23 of 3rd period - Puck is out of play.
3:24 of 3rd period - Jarret Stoll wins face-off versus Martin Hanzal in Scraper zone.
3:27 of 3rd period - Wrist shot by Denis Hamel.
3:27 of 3rd period - Shot Blocked by Martin Hanzal.
3:37 of 3rd period - Slapshot by Ben Eager.
3:37 of 3rd period - Stopped by Braden Holtby with a rebound.
3:39 of 3rd period - Wrist shot by Ben Eager.
3:39 of 3rd period - Stopped by Braden Holtby with a rebound.
3:53 of 3rd period - Snap shot by Riley Armstrong.
3:53 of 3rd period - Shot Misses the Net.
3:55 of 3rd period - Slapshot by Mathieu Dandenault.
3:55 of 3rd period - Goal by Mathieu Dandenault - Scraper : 4 - Monarchs : 0.
3:56 of 3rd period - Denis Hamel wins face-off versus Riley Armstrong in neutral zone.
4:01 of 3rd period - Snap shot by Nate Prosser.
4:01 of 3rd period - Deflect By Jarret Stoll.
4:01 of 3rd period - Shot Misses the Net.
4:01 of 3rd period - Puck is out of play.
4:02 of 3rd period - Jarret Stoll wins face-off versus Riley Armstrong in Scraper zone.
4:15 of 3rd period - Slapshot by Jarret Stoll.
4:15 of 3rd period - Deflect By Riley Armstrong.
4:15 of 3rd period - Stopped by Sebastien Caron without a rebound.
4:16 of 3rd period - Jarret Stoll wins face-off versus Riley Armstrong in Scraper zone.
4:21 of 3rd period - Slapshot by Raphael Diaz.
4:21 of 3rd period - Deflect By Aaron Ward.
4:21 of 3rd period - Stopped by Sebastien Caron with a rebound.
4:41 of 3rd period - Wrist shot by Martin Hanzal.
4:41 of 3rd period - Shot Misses the Net.
4:43 of 3rd period - Slapshot by Martin Hanzal.
4:43 of 3rd period - Shot Misses the Net.
4:47 of 3rd period - Wrist shot by Martin Hanzal.
4:47 of 3rd period - Shot Blocked by Mikkel Boedker.
4:49 of 3rd period - Snap shot by Ben Eager.
4:49 of 3rd period - Stopped by Braden Holtby without a rebound.
4:50 of 3rd period - Riley Armstrong wins face-off versus Chris Clark in Monarchs zone.
4:53 of 3rd period - Wrist shot by Riley Armstrong.
4:53 of 3rd period - Stopped by Braden Holtby without a rebound.
4:53 of 3rd period - Minor Penalty to Mathieu Dandenault for Tripping.
4:54 of 3rd period - Ruslan Fedotenko wins face-off versus Jarret Stoll in Scraper zone.
5:03 of 3rd period - Slapshot by Nate Prosser.
5:03 of 3rd period - Shot Blocked by Logan Couture.
5:05 of 3rd period - Slapshot by Raphael Diaz.
5:05 of 3rd period - Shot Blocked by Aaron Ward.
5:07 of 3rd period - Snap shot by Mikkel Boedker.
5:07 of 3rd period - Goal by Mikkel Boedker - Scraper : 4 - Monarchs : 1.
5:08 of 3rd period - Jarret Stoll wins face-off versus Riley Armstrong in neutral zone.
5:11 of 3rd period - Wrist shot by Chris Clark.
5:11 of 3rd period - Shot Misses the Net.
5:13 of 3rd period - Slapshot by Nate Prosser.
5:13 of 3rd period - Shot Misses the Net.
6:03 of 3rd period - Snap shot by Patrik Berglund.
6:03 of 3rd period - Shot Blocked by Stanislav Neckar.
6:09 of 3rd period - Jason Chimera is hit by Steven Stamkos and loses puck.
6:20 of 3rd period - Wrist shot by Patrik Berglund.
6:20 of 3rd period - Shot Misses the Net.
7:00 of 3rd period - Aaron Ward is hit by Carl Hagelin and loses puck.
7:13 of 3rd period - Snap shot by Jarret Stoll.
7:13 of 3rd period - Stopped by Sebastien Caron with a rebound.
7:15 of 3rd period - Slapshot by Slava Voynov.
7:15 of 3rd period - Stopped by Sebastien Caron with a rebound.
7:17 of 3rd period - Slapshot by Kevin Marshall.
7:17 of 3rd period - Stopped by Sebastien Caron with a rebound.
7:41 of 3rd period - Patrik Berglund is hit by Ruslan Fedotenko and loses puck.
8:08 of 3rd period - Derek Joslin is hit by Matt Foy and loses puck.
8:55 of 3rd period - Snap shot by Slava Voynov.
8:55 of 3rd period - Shot Blocked by Logan Couture.
9:15 of 3rd period - Snap shot by Riley Armstrong.
9:15 of 3rd period - Goal by Riley Armstrong - Scraper : 5 - Monarchs : 1.
9:15 of 3rd period - Michael Leighton enters game.
9:16 of 3rd period - Jarret Stoll wins face-off versus Riley Armstrong in neutral zone.
9:19 of 3rd period - Aaron Ward is hit by Denis Hamel and loses puck.
9:26 of 3rd period - Riley Armstrong is hit by Nate Prosser and loses puck.
9:54 of 3rd period - Snap shot by Petr Sykora.
9:54 of 3rd period - Shot Misses the Net.
9:56 of 3rd period - Slapshot by Ben Eager.
9:56 of 3rd period - Goal by Ben Eager - Scraper : 6 - Monarchs : 1.
9:57 of 3rd period - Jarret Stoll wins face-off versus Riley Armstrong in neutral zone.
10:04 of 3rd period - Nate Prosser is hit by Riley Armstrong and loses puck.
11:10 of 3rd period - Raphael Diaz is hit by Logan Couture and loses puck.
11:52 of 3rd period - Wrist shot by Jonathan Matsumoto.
11:52 of 3rd period - Stopped by Sebastien Caron with a rebound.
12:09 of 3rd period - Ruslan Fedotenko is hit by Chris Clark and loses puck.
12:24 of 3rd period - Bryan Allen is hit by Jason Chimera and loses puck.
12:39 of 3rd period - Slapshot by Alec Martinez.
12:39 of 3rd period - Deflect By Jarret Stoll.
12:39 of 3rd period - Stopped by Sebastien Caron without a rebound.
12:40 of 3rd period - Tommy Wingels wins face-off versus Steven Stamkos in Scraper zone.
13:05 of 3rd period - Stanislav Neckar is hit by Jonathan Matsumoto and loses puck.
13:12 of 3rd period - Snap shot by Steven Stamkos.
13:12 of 3rd period - Stopped by Michael Leighton without a rebound.
13:13 of 3rd period - Riley Armstrong wins face-off versus Patrik Berglund in Monarchs zone.
14:22 of 3rd period - Slapshot by Travis Hamonic.
14:22 of 3rd period - Stopped by Sebastien Caron with a rebound.
14:28 of 3rd period - Jason Chimera is hit by Jamie Benn and loses puck.
14:43 of 3rd period - Wrist shot by Jonathan Matsumoto.
14:43 of 3rd period - Stopped by Sebastien Caron with a rebound.
14:45 of 3rd period - Snap shot by Barry Tallackson.
14:45 of 3rd period - Goal by Barry Tallackson - Scraper : 6 - Monarchs : 2.
14:46 of 3rd period - Riley Armstrong wins face-off versus Jarret Stoll in neutral zone.
14:54 of 3rd period - Off-side.
14:55 of 3rd period - Jarret Stoll wins face-off versus Riley Armstrong in neutral zone.
14:58 of 3rd period - Riley Armstrong is hit by Raphael Diaz and loses puck.
15:05 of 3rd period - Wrist shot by Riley Armstrong.
15:05 of 3rd period - Shot Misses the Net.
15:07 of 3rd period - Wrist shot by Riley Armstrong.
15:07 of 3rd period - Shot Misses the Net.
15:09 of 3rd period - Snap shot by Riley Armstrong.
15:09 of 3rd period - Shot Misses the Net.
15:13 of 3rd period - Wrist shot by Riley Armstrong.
15:13 of 3rd period - Stopped by Michael Leighton with a rebound.
15:15 of 3rd period - Slapshot by Mathieu Dandenault.
15:15 of 3rd period - Shot Blocked by Nate Prosser.
15:17 of 3rd period - Snap shot by Derek Joslin.
15:17 of 3rd period - Shot Blocked by Jarret Stoll.
15:19 of 3rd period - Snap shot by Mathieu Dandenault.
15:19 of 3rd period - Stopped by Michael Leighton without a rebound.
15:20 of 3rd period - Martin Hanzal wins face-off versus Patrik Berglund in Monarchs zone.
15:29 of 3rd period - Aaron Ward is hit by Patrik Berglund and loses puck.
15:46 of 3rd period - Travis Hamonic is hit by Riley Armstrong.
15:52 of 3rd period - Snap shot by Riley Armstrong.
15:52 of 3rd period - Stopped by Michael Leighton with a rebound.
15:54 of 3rd period - Snap shot by Ruslan Fedotenko.
15:54 of 3rd period - Stopped by Michael Leighton without a rebound.
15:55 of 3rd period - Riley Armstrong wins face-off versus Jarret Stoll in Monarchs zone.
16:25 of 3rd period - Snap shot by Martin Hanzal.
16:25 of 3rd period - Stopped by Michael Leighton without a rebound.
16:26 of 3rd period - Jarret Stoll wins face-off versus Martin Hanzal in Monarchs zone.
16:37 of 3rd period - Slapshot by Jarret Stoll.
16:37 of 3rd period - Shot Misses the Net.
16:39 of 3rd period - Slapshot by Jarret Stoll.
16:39 of 3rd period - Shot Misses the Net.
16:56 of 3rd period - Icing by Ruslan Fedotenko.
16:57 of 3rd period - Riley Armstrong wins face-off versus Jarret Stoll in Scraper zone.
17:04 of 3rd period - Slapshot by Chris Clark.
17:04 of 3rd period - Stopped by Sebastien Caron without a rebound.
17:05 of 3rd period - Riley Armstrong wins face-off versus Jarret Stoll in Scraper zone.
17:10 of 3rd period - Wrist shot by Ruslan Fedotenko.
17:10 of 3rd period - Shot Misses the Net.
17:13 of 3rd period - Icing by Raphael Diaz.
17:14 of 3rd period - Riley Armstrong wins face-off versus Jarret Stoll in Monarchs zone.
17:25 of 3rd period - Snap shot by Mathieu Dandenault.
17:25 of 3rd period - Shot Misses the Net.
17:41 of 3rd period - Snap shot by Riley Armstrong.
17:41 of 3rd period - Stopped by Michael Leighton with a rebound.
18:01 of 3rd period - Slapshot by Jarret Stoll.
18:01 of 3rd period - Shot Misses the Net.
18:03 of 3rd period - Slapshot by Nate Prosser.
18:03 of 3rd period - Shot Misses the Net.
18:05 of 3rd period - Wrist shot by Jarret Stoll.
18:05 of 3rd period - Shot Blocked by Derek Joslin.
18:07 of 3rd period - Slapshot by Denis Hamel.
18:07 of 3rd period - Shot Blocked by Stanislav Neckar.
18:09 of 3rd period - Snap shot by Chris Clark.
18:09 of 3rd period - Goal by Chris Clark - Scraper : 6 - Monarchs : 3.
18:10 of 3rd period - Mikkel Boedker wins face-off versus Martin Hanzal in neutral zone.
18:13 of 3rd period - Wrist shot by Patrik Berglund.
18:13 of 3rd period - Stopped by Sebastien Caron with a rebound.
18:15 of 3rd period - Snap shot by Mikkel Boedker.
18:15 of 3rd period - Stopped by Sebastien Caron with a rebound.
18:59 of 3rd period - Off-side.
19:00 of 3rd period - Martin Hanzal wins face-off versus Tommy Wingels in neutral zone.
Output by the SimonT Hockey Simulator (STHS) for François Prévost -- Original Page W3C XHTML 1.0 Valid